 Dungeon Crawl Stone Soup version 0.27.1-4-g1640c2035a (webtiles) character file.

Game seed: 7685064438953489815

56475 Iepvzaeh the Warrior (level 14, 0/106 (108) HPs)
             Began as a Minotaur Fighter on Nov 13, 2021.
             Was the Champion of Okawaru.
             Slain by a profane servitor (2 damage)
             ... on level 2 of the Abyss.
             The game lasted 01:07:18 (28018 turns).

Iepvzaeh the Warrior (Minotaur Fighter)            Turns: 28018, Time: 01:07:19

HP:   0/106 (108)   AC: 21    Str: 32    XL:     14   Next: 42%
MP:   13/13         EV: 11    Int:  1    God:    Okawaru [******]
Gold: 1215          SH: 21    Dex: 17    Spells: 13/13 levels left

rFire    . . .     SeeInvis .   a - +4 morningstar (freeze)
rCold    . . .     Faith    +   P - +1 tower shield {AC+3}
rNeg     . . .     Spirit   .   C - +1 scale mail of Cloud Cover {rElec Dex+7}
rPois    .         Reflect  .   G - +1 hat
rElec    +         Harm     .   K - +2 cloak {rCorr}
rCorr    +         Rampage  .   (no gloves)
Will     +....                  (no boots)
Stlth    +.........             g - amulet of faith
HPRegen  0.00/turn              J - +6 ring of strength
MPRegen  0.13/turn              L - +4 ring of protection

@: about to teleport, unable to read, inhibited regen, wreathed by umbra,
lightly drained
A: horns 2, retaliatory headbutt, [dopey 2], [frail 2], [inhibited
regeneration], [inability to read while threatened]
a: Renounce Religion, Heroism, Finesse


You were on level 2 of the Abyss.
You worshipped Okawaru.
Okawaru was exalted by your worship.
You visited 3 branches of the dungeon, and saw 18 of its levels.
You visited the Abyss 1 time.
You also visited: Sewer and Volcano.

You collected 1303 gold pieces.
You spent 88 gold pieces at shops.

Inventory:

Hand Weapons
 a - a +4 morningstar of freezing (weapon)
 b - the +3 hand crossbow "Cyujeidi" {vorpal, Dex+2}
   (Okawaru gifted it to you on level 6 of the Lair of Beasts)

   Any ammunition fired from it inflicts extra damage upon your enemies.
   Dex:       It affects your dexterity (+2).
 z - a +2 battleaxe of flaming
 D - a +3 vorpal shortbow
 S - a +5 trident
Missiles
 k - 303 arrows
 n - 3 atropa-tipped darts
 p - 230 bolts
 u - 8 curare-tipped darts
 y - 101 poisoned darts (quivered)
 U - a throwing net
 Y - 8 silver javelins
Armour
 q - the +4 ring mail "Hyschurch" {Will++}
   (Okawaru gifted it to you on level 2 of the Lair of Beasts)

   Will:      It greatly increases your willpower.
 s - a +1 chain mail of fire resistance
 C - the +1 scale mail of Cloud Cover (worn) {rElec Dex+7}
   (You found it on level 5 of the Dungeon)

   Dex:       It affects your dexterity (+7).
   rElec:     It insulates you from electricity.
 G - a +1 hat (worn)
 K - a +2 cloak of preservation (worn)
 P - a +1 tower shield of protection (worn)
 V - a +2 scale mail of cold resistance
Jewellery
 f - a ring of flight
 g - an amulet of faith (around neck)
 J - a +6 ring of strength (left hand)
 L - a +4 ring of protection (right hand)
 M - a +6 ring of strength
 R - a ring of protection from fire
Wands
 A - a wand of digging (7)
 B - a wand of polymorph (8)
 O - a wand of iceblast (9)
 X - a wand of acid (18)
Scrolls
 j - 3 scrolls of teleportation
 l - a scroll of brand weapon
 r - 3 scrolls of silence
 v - 2 scrolls of enchant armour
 w - 11 scrolls of fog
 x - a scroll of acquirement
 H - 2 scrolls of fear
 N - 4 scrolls of magic mapping
 Q - 2 scrolls of summoning
 T - 2 scrolls of identify
 W - 2 scrolls of enchant weapon
Potions
 c - a potion of flight
 d - 5 potions of might
 e - 2 potions of lignification
 h - 8 potions of heal wounds
 i - 3 potions of haste
 m - a potion of invisibility
 o - 4 potions of cancellation
 t - 4 potions of brilliance
 E - 8 potions of curing
 F - a potion of berserk rage
 I - a potion of magic


   Skills:
 * Level 15.0 Fighting
 + Level 11.2(13.3) Axes
 + Level 10.9(12.7) Maces & Flails
 + Level 5.5(9.1) Polearms
 * Level 7.4 Bows
 + Level 7.4 Crossbows
 + Level 2.3 Throwing
 + Level 12.3 Armour
 + Level 5.9 Dodging
 + Level 2.0 Stealth
 + Level 10.0 Shields
 + Level 0.7 Invocations
 + Level 3.3 Evocations


You had 13 spell levels left.
You didn't know any spells.
Your spell library contained the following spells:

 Spells                   Type           Power      Damage    Failure   Level
 Corona                   Hex            0%         N/A       100%        1
 Ensorcelled Hibernation  Hex/Ice        0%         N/A       100%        2
 Slow                     Hex            0%         N/A       100%        2
 Confusing Touch          Hex            0%         N/A       100%        3
 Inner Flame              Hex/Fire       0%         N/A       100%        3
 Spider Form              Tmut/Pois      0%         N/A       100%        3
 Tukima's Dance           Hex            0%         N/A       100%        3
 Vampiric Draining        Necr           0%         2d6       100%        3
 Cause Fear               Hex            0%         N/A       100%        4
 Fulminant Prism          Conj/Hex       0%         3d6       100%        4
 Iskenderun's Mystic Bla  Conj/Tloc      0%         2d3       100%        4
 Summon Ice Beast         Ice/Summ       0%         N/A       100%        4
 Lee's Rapid Deconstruct  Erth           0%         3d5*      100%        5
 Summon Forest            Summ/Tloc      0%         N/A       100%        5
 Summon Mana Viper        Hex/Summ       0%         N/A       100%        5
 Shadow Creatures         Summ           N/A        N/A       100%        6
 Monstrous Menagerie      Summ           0%         N/A       100%        7
 Discord                  Hex            0%         N/A       100%        8


Dungeon Overview and Level Annotations

Branches:
Dungeon (11/15)            Temple (1/1) D:5            Lair (6/6) D:8
  Swamp (0/4) Lair:2        Snake (0/4) Lair:4        Slime (0/5) Lair:5
    Orc (0/2) D:11          Sewer (visited)         Volcano (visited)

Altars:
Ashenzari
Cheibriados
Dithmenos
Elyvilon
Fedhas
Gozag
Hepliaklqana
Kikubaaqudgha
Makhleb
Nemelex Xobeh
Okawaru
Qazlal
Ru
Trog
Uskayaw
Vehumet
Wu Jian
Yredelemnul
Zin
Jiyva

Shops:
D:3 !   D:5 **

Portals:
Trove: D:10 (give horn of Geryon)

Annotations:
D:11 Erolcha


Innate Abilities, Weirdness & Mutations

You have a pair of horns on your head.
You reflexively headbutt those who attack you in melee.
[You are very dopey. (Int -4)]
[You are very frail. (-20% HP)]
[You do not regenerate when monsters are visible.]
[You sometimes lose the ability to read scrolls when taking damage.]


Message History

The living lightning misses you.
The raiju blinks!
The profane servitor hits you with a +2 whip!
* * * LOW HITPOINT WARNING * * *
The profane servitor draws strength from your injuries!
You block the profane servitor's attack.
The raiju bursts into living lightning!
The living lightning hits you. You resist.
* * * LOW HITPOINT WARNING * * *
The raiju blinks!
You block the profane servitor's attack. x2
You block the profane servitor's attack. x2
The raiju bursts into living lightning!
The living lightning hits you. You resist.
* * * LOW HITPOINT WARNING * * *
The raiju blinks! x2
You feel much better.
You block the profane servitor's attack. x2
The raiju barely misses you. You furiously retaliate!
You headbutt the raiju!
The profane servitor hits you with a +2 whip!
* * * LOW HITPOINT WARNING * * *
The profane servitor draws strength from your injuries!
The profane servitor hits you but does no damage.
Unknown command.
Unknown command.
The will-o-the-wisp gestures.
The will-o-the-wisp conjures some foxfire!
A wretched star comes into view. 2 foxfires come into view.
The foxfire hits you!
* * * LOW HITPOINT WARNING * * *
The foxfire hits you!!
* * * LOW HITPOINT WARNING * * *
The will-o-the-wisp gestures.
The will-o-the-wisp conjures some foxfire!
A raiju comes into view.
The wretched star pulses with an eldritch light!
You feel frail. x2
The profane servitor hits you but does no damage.
The profane servitor hits you with a +2 whip.
You die...

. .# #.#?# ..##.h.
..#.# .*..........# ..
##...###...###.. ##
#.....#.....#...
#.###...............
#..#................
#.......v§§.........
#...@vv#.....#
###.hA###...## #
#.....#.....#.
.###...............
##### .#..............
. .
.....................
#.....#......#.....#...
##...####...###...###..
#. # ##. #...........#
..


You could see a profane servitor, a wretched star, a will-o-the-wisp and 2
raiju.

Vanquished Creatures
  A stone giant (Volcano)
  Josephine (D:10)
  A boulder beetle (D:11)
  5 hydras
  Harold (D:10)
  Erica (D:10)
  A thrashing horror (Abyss:2)
  Nergalle (Lair:1)
  A wretched star (Abyss:2)
  2 large abominations (Abyss:2)
  A bog body (Lair:2)
  2 ugly things
  5 oklob plants
  A centaur zombie (D:11)
  11 elephants
  6 black mambas
  3 gargoyles
  A torpor snail (Lair:4)
  13 cane toads
  An unseen horror (D:10)
  15 komodo dragons
  7 rime drakes
  12 polar bears
  2 trolls (D:9)
  4 hornets (Lair:6)
  4 blink frogs (Lair:2)
  12 dream sheep
  13 spriggans
  4 wraiths
  A ynoxinul (Abyss:2)
  5 basilisks
  2 wyverns
  3 steam dragons
  39 yaks
  2 fire elementals (Volcano)
  A small abomination (Abyss:2)
  A warg (D:11)
  A swamp worm (Lair:2)
  An acid dragon (D:11)
  2 hell hounds (Lair:3)
  18 water moccasins
  Duvessa (D:7)
  A floating eye (Lair:2)
  4 orc warriors
  5 black bears
  A sky beast (D:8)
  An ogre (D:4)
  2 necrophages
  26 wolves
  4 boggarts (Lair:6)
  3 centaurs
  3 kobold brigands
  12 bullfrogs
  2 wyvern zombies (D:7)
  2 earth elementals (Volcano)
  A gnoll sergeant (D:9)
  2 scorpions
  Dowan (D:7)
  A water moccasin skeleton (D:5)
  10 killer bees
  5 wights
  11 howler monkeys
  An electric eel (Lair:2)
  A quasit (Abyss:2)
  8 orc priests
  2 hounds
  2 centaur skeletons
  2 gnoll shamans
  Natasha (thrice) (D:3)
  Terence (D:3)
  An iguana (D:7)
  5 orc wizards
  A scorpion zombie (D:5)
  3 howler monkey zombies
  12 gnolls
  10 adders
  4 shadow imps
  An adder skeleton (D:4)
  2 worms
  2 dart slugs
  31 orcs
  13 ball pythons
  15 endoplasms
  9 giant cockroaches
  11 goblins
  6 hobgoblins
  7 jackals
  9 quokkas
  5 bats
  17 frilled lizards
  14 kobolds
  4 rats
508 creatures vanquished.

Vanquished Creatures (others)
  4 foxfires (Abyss:2)
  37 fungi
  57 plants
98 creatures vanquished.

Grand Total: 606 creatures vanquished

Notes
Turn   | Place    | Note
-------+----------+-------------------------------------------
     0 | D:1      | Iepvzaeh the Minotaur Fighter began the quest for the Orb.
     0 | D:1      | Reached XP level 1. HP: 19/19 MP: 0/0
    45 | D:1      | Reached XP level 2. HP: 20/27 MP: 1/1
   162 | D:1      | Found a faded altar of an unknown god.
   184 | D:1      | Reached skill level 4 in Fighting
   499 | D:1      | Reached XP level 3. HP: 24/33 MP: 2/2
   850 | D:2      | Found an opulent altar of Gozag.
  1237 | D:2      | Reached skill level 1 in Dodging
  1237 | D:2      | Reached XP level 4. HP: 41/41 MP: 3/3
  1482 | D:3      | Found Napneinu's Distillery.
  1532 | D:3      | Noticed Terence
  1812 | D:3      | Killed Terence
  1813 | D:3      | Reached XP level 5. HP: 40/47 MP: 4/4
  2039 | D:3      | Noticed Natasha
  2049 | D:3      | Killed Natasha
  2050 | D:3      | Noticed Natasha
  2307 | D:3      | Killed Natasha
  2308 | D:3      | Reached skill level 5 in Armour
  2529 | D:3      | Noticed Natasha
  2533 | D:3      | Killed Natasha
  2534 | D:3      | Reached XP level 6. HP: 53/53 MP: 5/5
  2728 | D:4      | Reached skill level 5 in Axes
  2784 | D:4      | Found a glowing drain.
  2795 | Sewer    | Entered a sewer
  3081 | Sewer    | Reached skill level 5 in Fighting
  3192 | Sewer    | Reached skill level 5 in Shields
  3192 | Sewer    | Identified the amulet of the Princeling {RegenMP *Slow
                  | rElec rPois rCorr}
  3490 | D:4      | Reached XP level 7. HP: 61/61 MP: 6/6
  4314 | D:4      | Found a snail-covered altar of Cheibriados.
  4370 | D:5      | Entered Level 5 of the Dungeon
  4438 | D:5      | Found Ehaemoen's Elemental Accessories.
  4451 | D:5      | Identified the +1 scale mail of Cloud Cover {rElec Dex+7}
  4537 | D:5      | Found a staircase to the Ecumenical Temple.
  4547 | Temple   | Entered the Ecumenical Temple
  4671 | Temple   | Became a worshipper of Warmaster Okawaru
  4840 | D:5      | Reached skill level 6 in Fighting
  4840 | D:5      | Reached XP level 8. HP: 70/70 MP: 7/7
  4858 | D:5      | Found an ornate altar of the Wu Jian Council.
  4931 | D:5      | Found Camaacso's General Store.
  4937 | D:5      | Bought a scroll of identify for 22 gold pieces
  4937 | D:5      | Bought a potion of curing for 33 gold pieces
  5051 | D:3      | Bought a potion of flight for 33 gold pieces
  5419 | D:6      | Reached * piety under Okawaru
  5592 | D:6      | Found an opulent altar of Gozag.
  5592 | D:6      | Found a white marble altar of Elyvilon.
  5593 | D:6      | Found a sacrificial altar of Ru.
  5944 | D:7      | Found an ancient bone altar of Kikubaaqudgha.
  6850 | D:7      | Reached skill level 1 in Stealth
  7013 | D:7      | Reached ** piety under Okawaru
  8323 | D:7      | Reached XP level 9. HP: 70/76 MP: 8/8
  8658 | D:7      | Found a hide-covered altar of Uskayaw.
  8751 | D:7      | Noticed Duvessa
  8753 | D:7      | Noticed Dowan
  8757 | D:7      | Killed Duvessa
  8758 | D:7      | Reached skill level 7 in Fighting
  8762 | D:7      | Killed Dowan
  8858 | D:8      | Reached skill level 1 in Polearms
  9501 | D:8      | Found a glowing silver altar of Zin.
  9504 | D:8      | Found a broken altar of Ashenzari.
  9528 | D:8      | You fall into a shaft and drop 1 floor!
  9835 | D:8      | Found a staircase to the Lair.
 10121 | D:9      | Noticed a troll
 10973 | D:8      | Found a burning altar of Makhleb.
 11024 | D:8      | Reached skill level 8 in Fighting
 11024 | D:8      | Reached skill level 1 in Crossbows
 11387 | D:8      | Reached *** piety under Okawaru
 11472 | D:8      | Reached skill level 1 in Throwing
 11754 | D:9      | Noticed a troll
 11756 | D:9      | Noticed a cyan ugly thing
 12095 | D:9      | Killed a troll
 12098 | D:9      | Reached **** piety under Okawaru
 12099 | D:9      | Reached XP level 10. HP: 58/90 MP: 7/9
 12236 | D:9      | Killed a cyan ugly thing
 12236 | D:9      | Received a gift from Okawaru
 12564 | D:9      | Found a blossoming altar of Fedhas.
 12840 | D:8      | Reached skill level 5 in Polearms
 12969 | D:8      | Reached skill level 9 in Fighting
 13606 | D:10     | Entered Level 10 of the Dungeon
 13746 | D:10     | Noticed a gargoyle
 14181 | D:10     | Killed a gargoyle
 14182 | D:10     | Reached skill level 1 in Maces & Flails
 14485 | D:10     | Noticed Harold
 14503 | D:10     | Killed Harold
 14503 | D:10     | Reached ***** piety under Okawaru
 14504 | D:10     | Reached skill level 10 in Armour
 15116 | D:10     | Noticed Josephine
 15130 | D:10     | Killed Josephine
 15130 | D:10     | Received a gift from Okawaru
 15136 | D:10     | Reached XP level 11. HP: 67/99 MP: 8/10
 15145 | D:10     | Reached skill level 10 in Fighting
 15532 | D:10     | Found a portal to a secret trove of treasure.
 15692 | D:10     | Noticed Erica
 15779 | D:10     | Killed Erica
 16010 | Lair:1   | Entered Level 1 of the Lair of Beasts
 16018 | Lair:1   | Noticed a seven-headed hydra
 16025 | Lair:1   | Killed a seven-headed hydra
 16025 | Lair:1   | Received a gift from Okawaru
 16026 | Lair:1   | Reached skill level 5 in Maces & Flails
 16047 | D:8      | Reached ****** piety under Okawaru
 16055 | Lair:1   | Received a gift from Okawaru
 16056 | Lair:1   | Reached skill level 5 in Crossbows
 16459 | Lair:1   | Received a gift from Okawaru
 16716 | D:8      | Reached skill level 11 in Fighting
 16917 | Lair:1   | Noticed Nergalle
 16922 | Lair:1   | Killed Nergalle
 16922 | Lair:1   | Received a gift from Okawaru
 17432 | Lair:2   | Reached skill level 5 in Dodging
 17597 | Lair:2   | Reached skill level 12 in Fighting
 17601 | Lair:2   | Reached skill level 1 in Evocations
 17617 | Lair:2   | Reached XP level 12. HP: 112/112 MP: 11/11
 18046 | Lair:2   | Identified the +4 ring mail "Hyschurch" {Will++} (Okawaru
                  | gifted it to you on level 2 of the Lair of Beasts)
 18046 | Lair:2   | Received a gift from Okawaru
 18491 | Lair:2   | Found a staircase to the Swamp.
 18629 | Lair:2   | Paralysed by a floating eye for 4 turns
 19824 | Lair:3   | Found a dark tunnel.
 19842 | Volcano  | Entered a volcano
 19915 | Volcano  | Noticed a stone giant
 19929 | Volcano  | Killed a stone giant
 19930 | Volcano  | Reached skill level 13 in Fighting
 21181 | Lair:4   | Received a gift from Okawaru
 21183 | Lair:4   | Noticed a seven-headed hydra
 21192 | Lair:4   | Killed a seven-headed hydra
 21193 | Lair:4   | Reached XP level 13. HP: 105/122 MP: 12/12
 21537 | Lair:4   | Reached skill level 10 in Maces & Flails
 21874 | Lair:4   | Found a staircase to the Snake Pit.
 22685 | Lair:5   | Found a staircase to the Slime Pits.
 22685 | Lair:5   | Found a viscous altar of Jiyva.
 22864 | Lair:5   | Reached skill level 1 in Bows
 23396 | Lair:4   | Received a gift from Okawaru
 24122 | Lair:5   | Identified the +2 quarterstaff "Utamneg" {flame, *Corrode
                  | rF+ rN+ Int+4}
 24406 | Lair:6   | Entered Level 6 of the Lair of Beasts
 24412 | Lair:6   | Reached skill level 10 in Axes
 24466 | Lair:6   | Reached skill level 14 in Fighting
 24834 | Lair:6   | Identified the +1 ring mail "Qyegurat" {-Tele rElec Int+2
                  | Dex+4} (Okawaru gifted it to you on level 6 of the Lair of
                  | Beasts)
 24834 | Lair:6   | Received a gift from Okawaru
 25044 | Lair:6   | Reached skill level 5 in Bows
 25796 | Lair:6   | Reached XP level 14. HP: 96/133 MP: 13/13
 26092 | Lair:6   | Paralysed by a hornet for 3 turns
 26642 | Lair:6   | Identified the +3 hand crossbow "Cyujeidi" {vorpal, Dex+2}
                  | (Okawaru gifted it to you on level 6 of the Lair of Beasts)
 26642 | Lair:6   | Received a gift from Okawaru
 27126 | D:8      | Identified 2 scrolls of acquirement
 27128 | D:8      | Acquired a +1 tower shield of protection
 27737 | D:11     | Found a staircase to the Orcish Mines.
 27813 | D:11     | Noticed Erolcha
 27813 | D:11     | Cast into level 2 of the Abyss (Erolcha)
 27906 | Abyss:2  | Reached skill level 15 in Fighting
 27906 | Abyss:2  | Reached skill level 10 in Shields
 27952 | Abyss:2  | Noticed a green very ugly thing
 27952 | Abyss:2  | Noticed a green very ugly thing
 27953 | Abyss:2  | Noticed a green very ugly thing
 27953 | Abyss:2  | Noticed a green very ugly thing
 27996 | Abyss:2  | Noticed a profane servitor
 28018 | Abyss:2  | HP: 2/133 [will-o-the-wisp/foxfire (21)]
 28018 | Abyss:2  | Slain by a profane servitor

Illustrated notes

Levels and vault maps discovered:
D:1:      dpeg_arrival_simpleton_c, layout_rooms,
          hellmonk_ecumenical_altar_dog_temple
D:2:      layout_basic, basic_altar
D:3:      layout_rooms, serial_shops, nicolae_shop_waterfront,
          kennysheep_cross_room, st_stairs_7, uniq_natasha, uniq_terence
D:4:      layout_gridville, mainiacjoe_overflow_alcove_2,
          cheibrodos_sewer_entry_sluice
D:5:      layout_rooms, nicolae_wu_jian_glorious_leap,
          minmay_temple_entry_crystal_x, serial_shops, shop,
          nicolae_elemental_shop, grunt_ministairs_13,
          chequers_serial_rivers_micro_c
D:6:      layout_basic, chequers_temple_overflow_statue_of_worship
D:7:      minmay_razor_zed, layout_loops_ring, nicolae_overflow_crystal_walls,
          nicolae_kikubaaqudgha_miasma_corner, uniq_duvessa
D:8:      layout_rooms, mainiacjoe_overflow_alcove_1, minitemple,
          dpeg_oklobed_lair, hangedman_decor_points, kennysheep_generic_room_13
D:9:      layout_basic, fedhas_altar_3
D:10:     layout_long_grid, nicolae_trove_entry_crystal,
          amcnicky_mini_corridor_feature, uniq_josephine, uniq_harold,
          uniq_erica
D:11:     layout_loops_ring, erik_orc_4, hangedman_corner_corridor, uniq_erolcha
Temple:   minmay_temple_curvy_loop
Lair:1:   layout_hall_layers, grunt_megastairs_3, serial_bayou_shore_b,
          uniq_nergalle
Lair:2:   layout_misc_corridors, nicolae_swamp_entry_splash_gauntlet,
          disabler_island
Lair:3:   layout_roguey, enter_volcano_3, minmay_lair_oklob_items, st_stairs_11
Lair:4:   layout_roguey, minmay_snake_entry_six_corridors, forest_entry_grove,
          grunt_megastairs_2
Lair:5:   layout_regular_city, slime_altar_1, beast_lair_carwin_2
Lair:6:   minmay_lair_end_enchanted_forest, layout_regular_city, st_stairs_12,
          minmay_stone_trees_small, infiniplex_staircase_pool_2
Abyss:2:  base: D:9, guppyfry_abyss_exit_imp_island, patterned_corridor

Skill      XL: |  1  2  3  4  5  6  7  8  9 10 11 12 13 14 |
---------------+-------------------------------------------+-----
Armour         | 4 5 6 7 8 10 11 12 | 12.3
Fighting       | 4 5 6 8 9 12 13 14 15 | 15.0
Axes           | 3 4 5 7 9 10 11 | 11.2
Shields        | 4 5 6 7 8 9 10 | 10.0
Dodging        | 1 2 3 4 5 |  5.9
Stealth        | 1 2 |  2.0
Polearms       | 4 5 |  5.5
Crossbows      | 3 4 5 7 |  7.4
Throwing       | 1 2 |  2.3
Maces & Flails | 3 7 9 10 | 10.9
Evocations     | 1 3 |  3.3
Bows           | 6 7 |  7.4
Invocations    | |  0.7

Action                   |  1- 3 |  4- 6 |  7- 9 | 10-12 | 13-15 || total
-------------------------+-------+-------+-------+-------+-------++-------
Melee: War axe           |    73 |   201 |   137 |       |       ||   411
       Headbutt          |     5 |    27 |    67 |    93 |    92 ||   284
       Battleaxe         |       |       |    12 |       |   220 ||   232
       Trident           |       |       |    98 |    19 |       ||   117
       Morningstar       |       |       |       |   307 |   167 ||   474
 Fire: Arbalest          |       |       |    18 |       |       ||    18
       Hand crossbow     |       |       |       |   132 |    26 ||   158
       Shortbow          |       |       |       |       |   127 ||   127
Throw: Dart              |       |     1 |     9 |     8 |    22 ||    40
Invok: Heroism           |       |       |     3 |    10 |       ||    13
Evoke: Wand              |       |    10 |     1 |    59 |     6 ||    76
  Use: Scroll            |       |       |    12 |     8 |     7 ||    27
       Potion            |       |       |     2 |       |     2 ||     4
Armor: Scale mail        |    37 |    64 |    92 |   112 |    29 ||   334
       Plate armour      |       |       |     5 |       |       ||     5
       Chain mail        |       |       |       |    26 |   241 ||   267
Dodge: Dodged            |    29 |    80 |   104 |   164 |   226 ||   603
Block: Kite shield       |    43 |   134 |    79 |   237 |    56 ||   549
       Tower shield      |       |       |       |       |    76 ||    76
